 Dungeon Crawl Stone Soup version 0.30.1-4-g462c640d31 (webtiles) character file.

Game seed: 8249078202298189981

51 HagarQim the Grasshopper (level 3, -6/31 HPs)
             Began as an Armataur Warper on Sept 11, 2023.
             Succumbed to a gnoll's poison
             ... on level 1 of the Dungeon.
             The game lasted 00:02:46 (1050 turns).

HagarQim the Grasshopper (Armataur Warper)          Turns: 1050, Time: 00:02:47

Health: -6/31      AC:  8    Str: 16    XL:     3   Next: 58%
Magic:  5/5        EV:  8    Int: 15    God:
Gold:   24         SH:  2    Dex:  9    Spells: 5/5 levels left

rFire   . . .        k - +0 flail
rCold   . . .        a - +0 buckler
rNeg    . . .        f - +3 ring mail
rPois   .            (no helmet)
rElec   .            h - scarf {shadows}
rCorr   .            (no gloves)
SInv    .            (no barding)
Will    .....        j - amulet of regeneration Stlth
                     (no ring)
HPRegen 1.05/turn    (no ring)
MPRegen 0.09/turn

%: roll
@: lethally poisoned (-6 -> -20)
A: large, rugged brown scales 3, deformed body, armoured tail, roll, long
tongue, awkward tongue
a: no special abilities


You were on level 1 of the Dungeon.
You visited 1 branch of the dungeon, and saw 2 of its levels.

You collected 24 gold pieces.

Inventory:

Hand Weapons
 k - a +0 flail (weapon)
Missiles
 d - 7 boomerangs of dispersal (quivered)
Armour
 a - a +0 buckler (worn)
 b - a +0 leather armour
 f - a +3 ring mail (worn)
 h - a scarf of shadows (worn)
Jewellery
 j - an amulet of regeneration (around neck)
Scrolls
 c - a scroll of blinking
 e - 2 scrolls of poison {unknown}
 g - a scroll of magic mapping {unknown}
Potions
 i - a potion of curing {unknown}


   Skills:
 + Level 2.1 Fighting
 + Level 2.2 Maces & Flails
 + Level 0.8 Throwing
 + Level 1.7 Armour
 + Level 1.8 Dodging
 + Level 1.8 Spellcasting
 + Level 3.6 Translocations


You had 5 spell levels left.
You didn't know any spells.
Your spell library contained the following spells:

 Spells                   Type           Power      Damage    Failure   Level
 Blink                    Tloc           24%        N/A       21%         2
 Lesser Beckoning         Tloc           24%        N/A       21%         2
 Teleport Other           Tloc           12%        N/A       36%         3
 Vhi's Electric Charge    Tloc/Air       12%        N/A       63%         3
 Manifold Assault         Tloc           12%        N/A       78%         4


Dungeon Overview and Level Annotations

Branches:
Dungeon (2/15)

Altars:


Innate Abilities, Weirdness & Mutations

You are completely covered in rugged brown scales. (AC +3, +7% HP)
Armour fits poorly on your strangely shaped body.
You have a long armoured tail.
You roll when moving toward enemies. (Rampage)
Your long tongue fully drains potion bottles. (2x potion effects)
Your tongue gives you trouble enunciating. (1.5x scroll delay)


Message History

A gnoll comes into view. It is wielding a +0 whip.
The kobold hits you with a +0 short sword.
Unknown command.
You miss the kobold. The kobold barely misses you.
The dart slug launches a dart at you.
The slug dart hits you but does no damage.
You barely miss the kobold. The kobold hits you but does no damage.
The gnoll closely misses you. The kobold hits you but does no damage.
You barely miss the kobold. The dart slug completely misses you.
The gnoll hits you from afar with a +1 spear of venom!
You are poisoned.
The kobold hits you but does no damage.
You hit the dart slug but do no damage.
Your tail-slap misses the dart slug.
You feel very sick. The kobold closely misses you.
The gnoll completely misses you. The dart slug barely misses you.
You sock the dart slug!
You tail-slap the dart slug, but do no damage.
The dart slug is severely wounded.
You feel very sick. The kobold closely misses you.
The gnoll hits you from afar with a +1 spear of venom.
You are more poisoned.
A ball python comes into view.
The dart slug bites you but does no damage.
The gnoll hits you from afar with a +1 spear of venom.
You block the gnoll's attack. The kobold hits you but does no damage.
You feel very sick. The kobold barely misses you.
There is a stone staircase leading up here.
You feel sick.
The ball python hisses angrily.
The gnoll hits you from afar with a +1 spear of venom.
* * * LOW HITPOINT WARNING * * *
You are lethally poisoned!
The kobold hits you with a +0 short sword.
* * * LOW HITPOINT WARNING * * *
The dart slug bites you but does no damage.
You climb upwards.
You die...

#.....#.##
#####.....
###########.##
#.........#.#.
#.#######.#.## #.#
#.#...
#.#######.####
#######.............
#.w@..........#.####
###K###.#.###.#.#
#.#...#.# #.#.#
#.#.#.#+###.#.#
#.#.##........#
#.#...........#
#.####........####
#.# ##.###.......
#.# #.###.#.####


You could see a dart slug and a kobold.

Vanquished Creatures
  A gnoll (D:1)
  An adder (D:2)
  2 dart slugs (D:1)
  5 ball pythons
  3 bats
  An endoplasm (D:2)
  A giant cockroach (D:2)
  2 hobgoblins (D:1)
  5 kobolds
  2 quokkas
  2 frilled lizards (D:1)
  4 rats (D:1)
29 creatures vanquished.

Notes
Turn   | Place    | Note
-------+----------+-------------------------------------------
     0 | D:1      | HagarQim the Armataur Warper began the quest for the Orb.
     0 | D:1      | Reached XP level 1. HP: 18/18 MP: 3/3
   201 | D:1      | Reached XP level 2. HP: 13/25 MP: 4/4
   371 | D:1      | You fall into a shaft and drop 1 floor!
   388 | D:2      | Reached XP level 3. HP: 29/31 MP: 5/5
  1049 | D:2      | HP: 1/31 [kobold/+0 short sword (3)]
  1050 | D:1      | Succumbed to a gnoll's poison

Illustrated notes

Levels and vault maps discovered:
D:1:      evilmike_arrival_plus, layout_basic, hangedman_decor_clover_reticule
D:2:      layout_basic, grunt_decor_resistance

Skill      XL: |  1  2 |
---------------+-------+-----
Fighting       | 2 |  2.1
Maces & Flails | 2 |  2.2
Throwing       | |  0.8
Armour         | |  1.7
Dodging        | |  1.8
Spellcasting   | |  1.8
Translocations | |  3.6

Action                     || total
---------------------------++-------
  Melee: Mace              ||    89
         Tailslap          ||    12
         Flail             ||    14
 Armour: Leather armour    ||    23
         Ring mail         ||    53
  Dodge: Dodged            ||    74
  Block: Buckler           ||     1
